 Dungeon Crawl Stone Soup version 0.21.1-1-g345015f (webtiles) character file.

490 Dfrag the Conjurer (level 7, 0/55 HPs)
             Began as a Naga Conjurer on Feb 11, 2018.
             Slain by an ogre
             ... wielding a +0 giant club
              (16 damage)
             ... on level 5 of the Dungeon.
             The game lasted 00:03:58 (3015 turns).

Dfrag the Conjurer (Naga Conjurer)                  Turns: 3015, Time: 00:03:58

Health: 0/55       AC:  3    Str: 10    XL:     7   Next: 14%
Magic:  5/14       EV: 10    Int: 18    God:
Gold:   243        SH:  0    Dex: 11    Spells: 13/16 levels left

rFire    . . .     SeeInvis +   q - +2 dagger (flame)
rCold    . . .     Gourm    .   (no shield)
rNeg     . . .     Faith    .   a - +0 robe
rPois    +         Spirit   .   (no helmet)
rElec    .         Reflect  .   (no cloak)
rCorr    .         Harm     .   p - -1 pair of gloves (curse)
MR       .....                  (no barding)
Stlth    ++........             (no amulet)
HPRegen  0.18/turn              s - ring of see invisible
MPRegen  0.14/turn              (no ring)

@: very slow
A: large, see invisible, deformed body, poison resistance, slowness 2, slow
metabolism 1, spit poison 1, AC +2
a: Spit Poison


You were on level 5 of the Dungeon.
You were hungry.

You visited 1 branch of the dungeon, and saw 5 of its levels.

You collected 243 gold pieces.

Inventory:

Hand Weapons
 q - a +2 dagger of flaming (weapon)
Armour
 a - a +0 robe (worn)
 p - a cursed -1 pair of gloves (worn)
Jewellery
 s - a ring of see invisible (left hand)
Scrolls
 e - 3 scrolls of remove curse {unknown}
 g - a scroll of noise {unknown}
 h - a scroll of amnesia {unknown}
 j - 2 scrolls of teleportation {unknown}
 m - a scroll of random uselessness {unknown}
 t - 2 scrolls of fear {unknown}
Potions
 d - a potion of magic {unknown}
 f - a potion of degeneration {unknown}
 i - a potion of heal wounds
 k - a potion of lignification {unknown}
 l - 3 potions of agility
 n - 2 potions of curing {unknown}
 o - a potion of cancellation {unknown}
 u - a potion of berserk rage {unknown}
Books
 b - a book of Conjurations

   Spells                             Type                      Level
   a - Magic Dart                     Conjuration                  1
   b - Searing Ray                    Conjuration                  2
   c - Dazzling Spray                 Conjuration/Hexes            3
   d - Fulminant Prism                Conjuration/Hexes            4
   e - Force Lance                    Conjuration/Translocation    4
   f - Iskenderun's Mystic Blast      Conjuration                  4
Comestibles
 c - 12 rations
 r - 4 chunks of flesh


   Skills:
 - Level 1.5 Dodging
 - Level 3.0 Stealth
 + Level 5.0 Spellcasting
 + Level 6.5 Conjurations


You had 13 spell levels left.
You knew the following spells:

 Your Spells              Type           Power        Failure   Level  Hunger
a - Magic Dart            Conj           ####         1%          1    None
b - Searing Ray           Conj           ####..       1%          2    #......


Dungeon Overview and Level Annotations

Branches:
Dungeon (5/15)
 Temple: D:4-7

Altars:
Fedhas

Annotations:
D:3 Morgon's ghost, amateur MfMo
D:4 RegularSin's ghost, amateur MiBe


Innate Abilities, Weirdness & Mutations

You cannot wear boots.
Your serpentine skin is tough. (AC +2)
You have supernaturally acute eyesight. (SInv)
Armour fits poorly on your strangely shaped body.
Your system is resistant to poisons. (rPois)
You cover ground very slowly.
You have a slow metabolism.
You can spit poison.


Message History

Things that are here:
a hand axe; a dagger
Casting: Magic Dart
Confirm with . or Enter, or press ? or * to list all spells.
Aiming: Searing Ray
Press: ? - help, Shift-Dir - straight line, f/p - orc
Aim: an orc, wielding a short sword and wearing a leather armour (moderately wounded)
The searing ray hits the ogre.
The ogre is lightly wounded. (Press . to maintain the ray.)
You are feeling hungry.
The ogre barely misses you.
The searing ray hits the ogre.
The ogre is moderately wounded.
The ogre hits you with a giant club!!
* * * LOW HITPOINT WARNING * * *
The searing ray hits the ogre.
The ogre is severely wounded.
The ogre hits you with a giant club!
You die...

.........#.....#
...............#
.......o.......#
#.o......+ #........#
.######..o.....##
......'...<......
.######..o#############
.......sooO@........#
###################.#
#..<......# #.#
#.#.#####.# #.#
#.#.....# #.# #.#####.#
#.# #.##### #.# #.....#
#.# #####.########.#


You could see an ogre, an orc wizard (invisible), 2 orcs and a giant cockroach.

Vanquished Creatures
  A phantom (D:3)
  An ogre (D:4)
  An orc priest (D:5)
  An orc wizard (D:3)
  A hound (D:4)
  Jessica (D:2)
  2 iguanas
  2 gnolls (D:1)
  5 adders
  An ooze (D:3)
  2 worms
  3 leopard geckos (D:2)
  7 orcs
  9 bats
  A bat zombie (D:1)
  5 giant cockroaches
  5 goblins
  6 hobgoblins
  3 jackals (D:4)
  3 kobolds
  2 quokkas
  A ball python (D:1)
  3 frilled lizards
  A giant cockroach zombie (D:1)
  27 rats
94 creatures vanquished.

Notes
Turn   | Place    | Note
-------+----------+-------------------------------------------
     0 | D:1      | Dfrag the Naga Conjurer began the quest for the Orb.
     0 | D:1      | Reached XP level 1. HP: 15/15 MP: 3/3
   121 | D:1      | Reached XP level 2. HP: 22/22 MP: 1/5
   256 | D:1      | Reached XP level 3. HP: 28/28 MP: 3/6
   260 | D:1      | Learned a level 2 spell: Searing Ray
   961 | D:2      | Reached XP level 4. HP: 32/36 MP: 1/8
  1039 | D:2      | Noticed Jessica
  1053 | D:2      | Reached skill level 5 in Conjurations
  1068 | D:2      | Killed Jessica
  1181 | D:2      | Reached XP level 5. HP: 42/42 MP: 8/10
  1921 | D:3      | Found a blossoming altar of Fedhas.
  2045 | D:3      | Noticed a phantom
  2131 | D:3      | Killed a phantom
  2131 | D:3      | Reached XP level 6. HP: 6/49 MP: 2/12
  2484 | D:3      | Reached skill level 6 in Conjurations
  2511 | D:3      | Noticed Morgon's ghost (amateur MfMo)
  2864 | D:4      | Reached XP level 7. HP: 35/55 MP: 4/14
  2891 | D:4      | Noticed RegularSin's ghost (amateur MiBe)
  2939 | D:5      | Entered Level 5 of the Dungeon
  2989 | D:5      | Reached skill level 5 in Spellcasting
  3015 | D:5      | Slain by an ogre

Skill      XL: |  1  2  3  4  5  6  7 |
---------------+----------------------+-----
Spellcasting   | 3 4 5 |  5.0
Conjurations   | 5 6 |  6.5
Dodging        | |  1.5
Stealth        | |  3.0

Action                   |  1- 3 |  4- 6 |  7- 9 || total
-------------------------+-------+-------+-------++-------
Melee: Unarmed           |     6 |     6 |       ||    12
       Dagger            |       |    31 |       ||    31
 Cast: Magic Dart        |    38 |    81 |     1 ||   120
       Searing Ray       |       |     9 |     3 ||    12
 Abil: Spit Poison       |    11 |    17 |       ||    28
  Use: Potion            |       |     2 |       ||     2
  Eat: Chunk             |       |     7 |       ||     7
Armor: Robe              |     4 |    20 |       ||    24
Dodge: Dodged            |    13 |    42 |     1 ||    56
